Map: Kairos Junction LE

Players

ShoWTimE - Winner!

  • Race: Protoss Protoss
  • Spawn Location: 11:00

TIME (Oliveira)

  • Race: Terran Terran
  • Spawn Location: 5:00

Event: 2019 WCS Summer

VOD

Have the link to the VOD?

Description

Time

  • Played on: July 14, 2019, 9:58 a.m.
  • Length: 13:15

All games in this series

Show
View Real Time Build Order
Export as new Build Order

ShoWTimE Protoss - Winner!

Build Orders: 1 Gate Expand 

Get SALT Encoding   

  12  0:00  Probe  
  13  0:12  Probe  
  14  0:17  Pylon  
  14  0:24  Probe  
  15  0:32  Probe  
  15  0:37  Gateway  
  15  0:40  Probe  
  16  0:46  Assimilator  
  17  0:51  Probe  
  18  1:03  Probe  
  19  1:15  Probe  
  20  1:25  Cybernetics Core  
  20  1:34  Nexus  
  20  1:39  Pylon  
  20  1:42  Probe  
  20  1:49  Assimilator  
  20  1:51  Adept  
  20  1:54  Probe  
  23  2:01  Warp Gate  
  23  2:06  Probe  
  24  2:12  Stalker  
  24  2:18  Probe  
  27  2:30  Probe  
  27  2:34  Robotics Facility  
  28  2:41  Stalker  
  28  2:42  Probe  
  28  2:43  Probe  
  31  2:50  Probe  
  32  2:55  Probe  
  34  3:00  Probe  
  35  3:07  Probe  
  35  3:11  Gateway  
  35  3:12  Probe, Gateway  
  37  3:14  Warp Prism  
  37  3:19  Probe  
  38  3:26  Probe  
  41  3:29  Sentry  
  41  3:31  Probe  
  44  3:35  Pylon  
  44  3:38  Probe  
  45  3:43  Probe  
  46  3:51  Pylon  
  46  3:53  Probe  
  46  3:55  Probe  
  48  4:02  Observer  
  49  4:05  Probe  
  49  4:06  Pylon  
  49  4:07  Probe  
  51  4:12  Stalker x3  
  58  4:17  Probe  
  58  4:19  Probe  
  58  4:23  Observer  
  60  4:25  Assimilator  
  60  4:27  Assimilator  
  60  4:29  Probe  
  61  4:35  Probe, Immortal  
  61  4:38  Forge, Twilight Council  
  62  4:41  Probe  
  62  4:45  Pylon  
  67  4:58  Charge  
  67  4:59  Gateway  
  67  5:01  Gateway  
  67  5:05  Zealot x2  
  71  5:10  Protoss Ground Armor Level 1  
  71  5:15  Pylon  
  71  5:21  Templar Archives  
  71  5:37  Gateway  
  71  5:40  Gateway  
  71  5:44  Nexus  
  71  5:46  Probe  
  71  5:47  Probe, Pylon  
  73  5:53  Psionic Storm  
  73  5:57  Gateway  
  73  5:58  Probe  
  73  5:59  Probe, High Templar  
  77  6:07  High Templar  
  77  6:10  Probe  
  80  6:12  Probe  
  80  6:17  Zealot x2  
  85  6:23  Probe  
  86  6:27  Gateway  
  86  6:28  Probe  
  86  6:30  Pylon  
  86  6:32  High Templar  
  89  6:35  Probe  
  89  6:39  High Templar  
  92  6:40  Probe  
  92  6:44  Pylon  
  93  6:47  Probe  
  93  6:48  Zealot x2  
  93  6:52  Probe  
  99  6:59  Probe  
  99  7:00  High Templar  
  102  7:02  Shield Battery  
  102  7:03  Zealot x2  
  102  7:04  Probe  
  102  7:05  Probe, Pylon  
  108  7:14  Zealot x3  
  114  7:17  Pylon  
  114  7:24  Zealot x4  
  114  7:28  Probe x3  
  125  7:33  Zealot  
  127  7:39  Zealot x3  
  127  7:43  Probe x2  
  127  7:44  Probe  
  135  7:49  Zealot x3  
  135  7:54  Protoss Ground Armor Level 2  
  135  7:58  Zealot x3  
  139  8:00  Probe  
  139  8:02  Probe  
  125  8:16  Zealot x6, Blink  
  107  8:21  Zealot x3  
  107  8:25  Archon  
  99  8:28  Immortal  
  99  8:38  Assimilator  
  99  8:41  Assimilator, High Templar x3  
  99  8:46  Sentry x2, Zealot x3  
  115  8:49  Pylon  
  115  8:52  Photon Cannon  
  115  9:01  High Templar  
  117  9:04  Forge  
  117  9:05  Pylon  
  117  9:06  High Templar  
  117  9:07  Observer  
  117  9:08  Zealot x3  
  125  9:12  Archon  
  125  9:20  Pylon  
  125  9:24  Zealot x4  
  127  9:38  Robotics Bay  
  127  9:40  Robotics Facility  
  127  9:42  Nexus  
  127  9:44  Pylon  
  121  9:46  High Templar  
  121  9:47  High Templar  
  121  9:48  Immortal  
  129  9:52  Stalker x2  
  129  9:59  Photon Cannon  
  133  10:02  Probe x3  
  133  10:04  Protoss Ground Weapons Level 1  
  136  10:08  Zealot x2  
  140  10:14  Stalker x2  
  142  10:26  Stalker x4  
  148  10:45  Zealot x5  
  156  10:54  Zealot x4  
  163  11:09  Disruptor  
  163  11:10  Disruptor  
  151  11:26  Stalker x3  
  151  11:30  Nexus  
  151  11:54  Stalker x3  
  151  11:57  Zealot x6  
  147  12:19  Stalker x7  
  155  12:26  Stalker  
  157  12:37  Pylon  
  157  12:40  Pylon  
  157  12:42  Probe x3, Pylon  
  165  12:47  Stalker x2  
  151  13:02  Stalker x2  
Show
View Real Time Build Order
Export as new Build Order

TIME Terran 

Build Orders: Reaper Expand 

Get SALT Encoding   

  12  0:00  SCV  
  13  0:13  SCV  
  14  0:17  Supply Depot  
  14  0:25  SCV  
  15  0:39  SCV  
  15  0:40  Barracks  
  16  0:43  Refinery  
  16  0:51  SCV  
  17  1:03  SCV  
  18  1:15  SCV  
  19  1:27  Orbital Command, Reaper  
  20  1:44  Command Center  
  20  1:48  Supply Depot  
  20  1:53  SCV  
  21  1:58  Refinery  
  21  2:00  Barracks Reactor  
  21  2:06  SCV  
  22  2:14  Bunker  
  22  2:18  SCV  
  23  2:23  Factory  
  23  2:30  SCV  
  24  2:37  Marine x2  
  24  2:42  SCV  
  27  2:55  Marine x2  
  28  3:01  SCV  
  29  3:06  Orbital Command  
  29  3:09  Factory Tech Lab, Starport  
  29  3:14  Marine x2  
  29  3:18  SCV  
  32  3:30  SCV  
  32  3:31  Marine x2  
  32  3:32  Factory Tech Lab, SCV  
  36  3:40  Supply Depot  
  36  3:42  SCV  
  36  3:44  SCV  
  36  3:47  Barracks  
  38  3:51  Raven  
  38  3:54  SCV  
  41  3:56  SCV  
  41  3:58  Siege Tank  
  41  4:02  Supply Depot  
  45  4:04  Marine  
  45  4:05  Marine  
  45  4:09  SCV  
  48  4:11  SCV  
  49  4:21  SCV  
  49  4:22  Marine  
  49  4:23  Marine, SCV  
  49  4:24  Supply Depot  
  52  4:33  Siege Tank  
  52  4:34  SCV  
  52  4:37  Barracks  
  55  4:39  SCV  
  54  4:46  Stimpack, Marine x2, SCV  
  54  4:51  Engineering Bay  
  57  4:56  Marine  
  57  4:57  SCV  
  57  4:58  SCV  
  60  5:00  Refinery, Supply Depot  
  60  5:03  Refinery  
  60  5:07  Marine  
  60  5:08  Marine  
  60  5:13  Starport Reactor  
  60  5:14  Factory Reactor  
  62  5:15  Supply Depot  
  62  5:21  Marine  
  62  5:22  SCV x2  
  62  5:23  Terran Infantry Weapons Level 1  
  65  5:32  Combat Shield, Marine  
  65  5:33  Marauder  
  65  5:34  SCV x2  
  70  5:39  Supply Depot  
  70  5:42  Supply Depot  
  70  5:43  Marine  
  70  5:46  Marauder, SCV  
  70  5:49  SCV  
  75  5:52  Marine  
  75  5:53  Widow Mine  
  78  5:59  Supply Depot  
  78  6:01  Widow Mine, SCV  
  78  6:03  Marauder  
  83  6:05  SCV  
  83  6:06  Marine  
  83  6:10  Medivac  
  87  6:11  Medivac  
  87  6:15  SCV  
  87  6:16  Marine  
  87  6:17  Widow Mine  
  93  6:18  SCV  
  93  6:21  Supply Depot  
  93  6:23  Supply Depot  
  93  6:25  Marine  
  95  6:27  Marauder  
  95  6:29  SCV  
  95  6:30  Marine  
  98  6:37  Widow Mine  
  98  6:38  Marine  
  101  6:43  Medivac x2  
  101  6:46  Marine, Widow Mine  
  108  6:50  Supply Depot  
  108  6:54  Marine  
  108  6:55  Marauder  
  108  6:56  Concussive Shells  
  108  6:59  Widow Mine  
  112  7:09  Marine  
  112  7:13  Marauder, Medivac x2  
  119  7:18  Marine, Widow Mine  
  119  7:19  Marauder  
  124  7:26  Marine  
  124  7:28  Command Center  
  125  7:30  Supply Depot  
  125  7:39  Marine  
  126  7:46  Marauder, Liberator x2  
  126  7:49  Marine  
  126  7:50  Widow Mine  
  125  7:52  Widow Mine  
  125  7:56  Marine x2  
  133  8:09  Marauder  
  133  8:10  SCV  
  133  8:11  Widow Mine  
  130  8:16  Marine  
  130  8:17  Marauder, Widow Mine  
  107  8:26  Marine  
  96  8:30  Marauder  
  96  8:32  SCV  
  96  8:33  Widow Mine, SCV  
  96  8:34  Marine  
  97  8:36  Barracks x2  
  97  8:37  Ghost Academy  
  97  8:38  Widow Mine  
  101  8:41  Orbital Command  
  101  8:43  Marine  
  101  8:52  Medivac x2  
  101  8:53  Marine  
  101  8:54  Marauder  
  108  8:56  SCV x2  
  108  8:59  Terran Infantry Armor Level 1  
  110  9:08  Marine, Widow Mine x2, SCV  
  116  9:10  SCV x2  
  116  9:13  Marauder, Supply Depot  
  116  9:14  Marine  
  121  9:18  Marauder  
  121  9:20  SCV  
  121  9:24  Barracks Tech Lab, Barracks Reactor  
  123  9:28  Marine  
  120  9:32  Marine  
  122  9:39  SCV  
  122  9:43  Ghost x3  
  126  9:49  Marine  
  126  9:50  Marine  
  128  9:55  SCV x2  
  128  9:57  SCV  
  128  9:58  Supply Depot  
  128  9:59  Widow Mine x2  
  135  10:00  Marine x2  
  135  10:02  Medivac x2  
  135  10:06  Marine  
  142  10:07  SCV  
  142  10:08  Marine, SCV, Supply Depot  
  142  10:12  Marauder, Marine  
  148  10:16  Marine  
  148  10:20  Engineering Bay, Armory  
  149  10:21  Supply Depot  
  149  10:22  Marine  
  150  10:30  Marauder  
  150  10:33  Marauder, Marine x2  
  150  10:35  Widow Mine x2, Medivac  
  162  10:44  Marauder, Marine x2  
  166  10:50  Marine, Medivac  
  166  10:51  Marauder  
  166  10:55  Marine  
  172  10:58  Marine  
  172  11:01  Marine  
  172  11:02  Marine  
  165  11:06  Marauder  
  158  11:13  Marauder  
  158  11:16  Marine  
  158  11:17  Marauder  
  161  11:20  Refinery x2  
  161  11:24  Widow Mine x2  
  163  11:26  Marine x2  
  163  11:27  Marauder  
  163  11:29  Medivac  
  163  11:31  Marine  
  170  11:34  Marine, Marauder  
  163  11:41  Marine  
  163  11:44  Marine  
  165  11:48  Marauder  
  159  11:56  Marine x2  
  159  11:57  Marauder  
  160  12:01  Widow Mine x2, Medivac x2  
  160  12:04  Marine  
  160  12:05  Marauder  
  156  12:09  Marine  
  156  12:10  Marauder  
  156  12:14  Marine  
  153  12:21  Marine  
  153  12:22  Marauder, Marine  
  142  12:28  Marine, Widow Mine x2  
  141  12:34  Marine  
  142  12:39  Marine  
  142  12:43  Ghost, Command Center  
  142  12:44  Ghost x2  
  140  12:46  Marine  
Tags
 
Add a new tag
Caveats
  • Supply blocks, unpowered buildings, or Contaminate may cause inaccurate times.
  • Supply counts are checked every 10 seconds.